 Dungeon Crawl Stone Soup version 0.31.0-9-g3a7656b989 (webtiles) character file.

Game seed: 4828591685240250468

78 qw the Shooter (level 4, -8/22 HPs)
             Began as a Spriggan Hunter on Feb 2, 2024.
             Mangled by a gnoll
             ... wielding a +0 halberd
              (16 damage)
             ... on level 2 of the Dungeon.
             The game lasted 00:00:04 (1197 turns).

qw the Shooter (Spriggan Hunter)                    Turns: 1197, Time: 00:00:05

Health: -8/22      AC:  2    Str:  7    XL:     4   Next: 15%
Magic:  5/5        EV: 19    Int: 10    God:
Gold:   38         SH:  0    Dex: 20    Spells: 3/3 levels left

rFire   . . .        a - +0 shortbow
rCold   . . .        (shield currently unavailable)
rNeg    . . .        c - +0 robe
rPois   .            (helmet restricted)
rElec   .            (no cloak)
rCorr   .            (gloves unavailable)
SInv    +            (boots unavailable)
Will    .....        (no amulet)
Stlth   ++           (no ring)
HPRegen 0.23/turn    (no ring)
MPRegen 0.09/turn

%: no passive effects
@: very quick
A: very small, no large weapons, unfitting armour, see invisible, speed 3
a: no special abilities


You were on level 2 of the Dungeon.
You visited 1 branch of the dungeon, and saw 2 of its levels.

You collected 38 gold pieces.


Innate Abilities, Weirdness & Mutations

You are very small and have problems with some larger weapons.
You are too small for most types of armour.
You have supernaturally acute eyesight. (SInv)
You cover ground extremely quickly. (Speed+++)


   Skills:
 - Level 1.5 Fighting
 - Level 5.1 Ranged Weapons
 + Level 4.2 Dodging
 - Level 1.5 Stealth


You had 3 spell levels left.
You didn't know any spells.
Your spell library was empty.

Inventory:

Hand Weapons
 a - a +0 shortbow (weapon)
Armour
 c - a +0 robe (worn)
 h - a scarf of harm
Jewellery
 f - a ring of ice
Scrolls
 d - 2 scrolls of poison {unknown}
 e - a scroll of identify
Potions
 b - 2 potions of curing {unknown}
 g - 2 potions of heal wounds {unknown}

Dungeon Overview and Level Annotations

Branches:
Dungeon (2/15)

Altars:


Message History

You kill the gnoll!
Your Ranged Weapons skill increases to level 5!
You have reached level 4!
You shoot an arrow.
The arrow hits the gnoll but does no damage.
You shoot an arrow. The arrow hits the gnoll!
The gnoll is severely wounded.
The gnoll misses you.
You shoot an arrow. The arrow hits the gnoll.
The gnoll is severely wounded.
The gnoll misses you. The gnoll completely misses you.
You shoot an arrow. The arrow closely misses the gnoll.
The gnoll completely misses you. The gnoll closely misses you. x2
The gnoll barely misses you.
You shoot an arrow. The arrow closely misses the gnoll.
The gnoll misses you. The gnoll hits you with a +0 club.
You shoot an arrow.
The arrow hits the gnoll but does no damage.
The gnoll is severely wounded.
You hear a shout!
The gnoll barely misses you. The gnoll hits you but does no damage.
You shoot an arrow.
The arrow hits the gnoll but does no damage.
The gnoll is severely wounded.
The gnoll completely misses you. The gnoll barely misses you.
You shoot an arrow. The arrow barely misses the gnoll.
The gnoll completely misses you. The gnoll hits you with a +0 club!
You shoot an arrow. The arrow hits the gnoll.
You kill the gnoll!
The gnoll misses you.
You shoot an arrow. The arrow barely misses the gnoll.
The gnoll barely misses you.
You shoot an arrow. The arrow hits the gnoll.
The gnoll is moderately wounded.
You hear a shout!
The gnoll completely misses you.
A goblin comes into view. It is wielding a +0 dagger.
The gnoll hits you from afar with a +0 halberd!
Ouch! That really hurt!
You die...

... .... #.........
..###.#<####...####.. .
.............## #.# ..
....#..###..#####.# ...
...............#.# ...
#..#..###..#####.# .g
#..#..###..#####.#
.#.##g#..#.........%...#
......)@....###..#####.#
......#.##.####..# ###.#
........##.......###....
..#.#.#########......#.#
. #... ##.##..#.# #.#
#........ #. ####....# .
.....##.# #######.#


You could see a gnoll and a goblin.

Vanquished Creatures
  2 gnolls (D:2)
  2 adders (D:2)
  6 bats
  5 endoplasms
  2 giant cockroaches (D:2)
  3 hobgoblins
  2 jackals (D:1)
  4 quokkas
  3 ball pythons
  4 goblins
  3 kobolds
  3 rats
39 creatures vanquished.

Notes
Turn   | Place    | Note
-------+----------+-------------------------------------------
     0 | D:1      | qw the Spriggan Hunter began the quest for the Orb.
     0 | D:1      | Reached XP level 1. HP: 10/10 MP: 2/2
     0 | D:1      | 0 ||| qw: Version: 0.3-a-155-g5e7d8dd
     0 | D:1      | 0 ||| qw: Game counter: 48
     0 | D:1      | 0 ||| qw: Melee chars always use a shield: true
     0 | D:1      | 0 ||| qw: God list: Okawaru
     0 | D:1      | 0 ||| qw: Allow faded altars: false
     0 | D:1      | 0 ||| qw: Do Orc after clearing Dungeon:15 true
     0 | D:1      | 0 ||| qw: Do second Lair branch before Depths: true
     0 | D:1      | 0 ||| qw: Lair rune preference: random
     0 | D:1      | 0 ||| qw: Goals: Normal
     0 | D:1      | 0 ||| PLANNING D:1-11
    41 | D:1      | Reached skill level 3 in Dodging
   238 | D:1      | Reached XP level 2. HP: 14/14 MP: 3/3
   396 | D:1      | Found a faded altar of an unknown god.
   665 | D:1      | 665 ||| DROPPING ring of wizardry.
   666 | D:1      | 666 ||| READING 2 scrolls labelled EQEBAT DYSA.
   666 | D:1      | 666 ||| IDENTIFYING orange potion
   667 | D:1      | 667 ||| READING scroll of identify.
   667 | D:1      | 667 ||| IDENTIFYING scroll labelled TUGHID WUCKI
   668 | D:1      | 668 ||| READING 2 scrolls labelled NIOW ULIMEMU.
   669 | D:1      | 669 ||| DROPPING scroll of butterflies.
   670 | D:1      | 670 ||| DROPPING scroll of fog.
   671 | D:1      | 671 ||| DROPPING scroll of silence.
   672 | D:1      | 672 ||| DROPPING potion of invisibility.
   972 | D:2      | Reached XP level 3. HP: 18/18 MP: 4/4
  1187 | D:2      | Reached skill level 5 in Ranged Weapons
  1187 | D:2      | Reached XP level 4. HP: 22/22 MP: 5/5
  1197 | D:2      | Mangled by a gnoll

Levels and vault maps discovered:
D:1:      dpeg_arrival_boxes_within_box, layout_basic,
          shapermc_ecumenical_altar_mp_vishouse
D:2:      layout_basic

Skill      XL: |  1  2  3 |
---------------+----------+-----
Dodging        | 3 4 |  4.2
Ranged Weapons | 5 |  5.1
Fighting       | |  1.5
Stealth        | |  1.5

Action                     |  1- 3 |  4- 6 || total
---------------------------+-------+-------++-------
   Fire: Shortbow          |   116 |    11 ||   127
    Use: Scroll            |     3 |       ||     3
 Armour: Robe              |    11 |     4 ||    15
  Dodge: Dodged            |    41 |    15 ||    56

Table legend:
 A = Non-vault XP
 B = Vault XP
 C = Vault XP percentage of total XP
 D = Non-vault monster count
 E = Vault monster count
 F = Vault count percentage of total count
                 A         B        C        D         E       F
            +---------+---------+-------+---------+---------+-------
      Total |     112 |       0 |   0.0 |      39 |       0 |   0.0
            +---------+---------+-------+---------+---------+-------
        D:1 |      27 |       0 |   0.0 |      16 |       0 |   0.0
        D:2 |      85 |       0 |   0.0 |      23 |       0 |   0.0
            +---------+---------+-------+---------+---------+-------
